 Dungeon Crawl Stone Soup version 0.26-a0-663-g36e8fdb655 (webtiles) character file.

Game seed: 6743121566306388738

38 somkeydreadnuts the Bolt Thrower (level 3, -4/32 HPs)
             Began as a Deep Dwarf Hunter on Oct 12, 2020.
             Killed by nerve-wracking pain
             ... invoked by Jessica
              (8 damage)
             ... on level 2 of the Dungeon.
             The game lasted 00:13:35 (1530 turns).

somkeydreadnuts the Bolt Thrower (DDHu)             Turns: 1530, Time: 00:13:36

Health: -4/32      AC:  6    Str: 16    XL:     3   Next: 25%
Magic:  12/12 (3)  EV: 10    Int: 11    God:
Gold:   27         SH:  0    Dex: 13    Spells: 2/2 levels left

rFire    . . .     SeeInvis .   b - +0 short sword
rCold    . . .     Faith    .   (no shield)
rNeg     . . .     Spirit   .   f - +0 scale mail
rPois    +         Reflect  .   (no helmet)
rElec    .         Harm     .   (no cloak)
rCorr    .         Rampage  .   (no gloves)
MR       .....                  (no boots)
Stlth    ..........             (no amulet)
HPRegen  0.00/turn              g - ring of poison resistance
MPRegen  0.13/turn              i - ring of magical power

@: non-regenerating
A: damage resistance, heal wounds, sense surroundings 1, no regeneration
a: Heal Wounds


You were on level 2 of the Dungeon.
You visited 1 branch of the dungeon, and saw 2 of its levels.

You collected 27 gold pieces.

Inventory:

Hand Weapons
 a - a +1 hand crossbow
 b - a +0 short sword (weapon)
 h - a +0 hunting sling
Missiles
 d - 19 bolts
Armour
 c - a +0 leather armour
 f - a +0 scale mail (worn)
Magical Staves
 o - an uncursed staff of conjuration {unknown}
Jewellery
 g - a ring of poison resistance (left hand)
 i - a ring of magical power (right hand)
 p - a cursed -4 ring of protection {unknown}
Scrolls
 e - 4 scrolls of remove curse {unknown}
 j - a scroll of fear {unknown}
 k - 2 scrolls of identify {unknown}
Potions
 l - 2 potions of might {unknown}
 m - a potion of flight {unknown}
 n - 2 potions of stabbing {unknown}


   Skills:
 + Level 1.9 Fighting
 + Level 1.0 Short Blades
 + Level 5.0 Crossbows
 + Level 0.5 Armour
 + Level 2.5 Dodging
 + Level 1.2 Stealth


You had 2 spell levels left.
You didn't know any spells.
Your spell library was empty.

Dungeon Overview and Level Annotations

Branches:
Dungeon (2/15)

Altars:
Gozag
Nemelex Xobeh

Annotations:
D:2 Jessica


Innate Abilities, Weirdness & Mutations

You are resistant to damage.
You can heal yourself by infusing magical energy.
You passively map a small area around you.
You do not regenerate.


Message History

You kill the frilled lizard!
You see here a frilled lizard corpse.
Found 22 gold pieces and a scroll labeled CANLUKK IGUISSAC.
You now have 27 gold pieces (gained 13).
You open the door.
There is an open door here.
There is a stone staircase leading down here.
e - 4 scrolls labeled YXZOXA ENIKHLUNG (gained 1) Jessica the Apprentice Sorceress comes into view.
She is wielding a +0 dagger.
Jessica shouts!
Found a glowing scale mail.
You see here a scroll labeled CANLUKK IGUISSAC.
Jessica points at you and mumbles some strange words.
Pain shoots through your body!
* * * LOW HITPOINT WARNING * * *
Jessica is nearby!
Jessica is nearby!
Jessica gestures at you while chanting. Pain shoots through your body!
You die...

#?..@.[...,
#.####.#.# * #.# , ,
#.# #### * ##### #@#
#.. ,* ,...<. #.# #.#
* #... #@###.### #..#
#.......# #..#
#####@#.# #..# #.#.#
#..# #.#.#########
#..# #.#.##......#
#..#
#.#.##.####.###..#
#.#.##............
##.#.##..##.#......
#....##..###.###..#
###.#................


You could see Jessica.

Vanquished Creatures
  2 dart slugs (D:1)
  2 leopard geckos
  4 bats (D:1)
  A giant cockroach (D:2)
  5 hobgoblins
  2 jackals (D:1)
  A ball python (D:2)
  5 frilled lizards
  3 goblins
  A kobold (D:2)
  6 rats
32 creatures vanquished.

Notes
Turn   | Place    | Note
-------+----------+-------------------------------------------
     0 | D:1      | somkeydreadnuts the Deep Dwarf Hunter began the quest for
                  | the Orb.
     0 | D:1      | Reached XP level 1. HP: 19/19 MP: 1/1
   252 | D:1      | Reached XP level 2. HP: 15/26 MP: 2/2
   318 | D:1      | Reached skill level 5 in Crossbows
  1170 | D:2      | Found an opulent altar of Gozag.
  1181 | D:2      | Reached XP level 3. HP: 17/32 MP: 3/3
  1250 | D:2      | Reached skill level 1 in Short Blades
  1268 | D:2      | Found a sparkling altar of Nemelex Xobeh.
  1518 | D:2      | Noticed Jessica
  1530 | D:2      | Killed from afar by Jessica

Illustrated notes

Levels and vault maps discovered:
D:1:      minmay_arrival_stone_box, layout_basic
D:2:      layout_loops_ring, nemelex_xobeh_ov_fountains_minmay,
          overflow_temple_1_default, lightli_corner_chamber, uniq_jessica,
          uniq_crazy_yiuf_cottage

Skill      XL: |  1  2  3 |
---------------+----------+-----
Crossbows      | 5 |  5.0
Short Blades   | 1 |  1.0
Fighting       | |  1.9
Armour         | |  0.5
Dodging        | |  2.5
Stealth        | |  1.2

Action                   || total
-------------------------++-------
Melee: Short sword       ||   122
 Fire: Hand crossbow     ||     5
  Use: Potion            ||     1
Armor: Leather armour    ||    18
       Scale mail        ||    28
Dodge: Dodged            ||    87

Table legend: (Time is in decaauts)
 A = Elapsed time spent in this place.
 B = Non-inter-level travel time spent in this place.
 C = Inter-level travel time spent in this place.
 D = Time resting spent in this place.
 E = Time spent auto-exploring this place.
 F = Levels seen in this place.
 G = Mean time per level.
                   A        B        C        D        E       F      G
               +--------+--------+--------+--------+--------+-----+--------+
         Total |   1538 |   1349 |    189 |      0 |   1041 |   2 |  769.0 |
       Dungeon |   1538 |   1349 |    189 |      0 |   1041 |   2 |  769.0 |
               +--------+--------+--------+--------+--------+-----+--------+

Top non-repeatable levels by time:
     D:1: 976 daAuts
     D:2: 562 daAuts
